 Dungeon Crawl Stone Soup version 0.28.0-43-g3370ac3207 (webtiles) character file.

Game seed: 11495087871827743800

226 bromine the Cudgeller (level 6, -1/53 HPs)
             Began as a Gnoll Berserker on Mar 4, 2022.
             Was a Priest of Trog.
             Slain by a gnoll
             ... wielding a +0 whip
              (3 damage)
             ... on level 4 of the Dungeon.
             The game lasted 00:08:26 (5889 turns).

bromine the Cudgeller (Gnoll Berserker)             Turns: 5889, Time: 00:08:27

Health: -1/53      AC:  6    Str: 19    XL:     6   Next: 1%
Magic:  8/8        EV: 12    Int:  6    God:    Trog [***...]
Gold:   150        SH:  0    Dex: 11    Spells: 8/8 levels left

rFire   . . .      SeeInvis .   a - +0 mace
rCold   . . .      Faith    .   (no shield)
rNeg    . . .      Spirit   .   i - +0 ring mail
rPois   .          Reflect  .   (no helmet)
rElec   .          Harm     .   (no cloak)
rCorr   .          Rampage  .   (no gloves)
Will    .....                   (no boots)
Stlth   +.........              (no amulet)
HPRegen 0.17/turn               (no ring)
MPRegen 0.11/turn               (no ring)

@: on berserk cooldown, slowed, very slow
A: fangs 1, strong nose, distributed training
a: Renounce Religion, Berserk, Trog's Hand


You were on level 4 of the Dungeon.
You worshipped Trog.
Trog was most pleased with you.
You visited 1 branch of the dungeon, and saw 4 of its levels.

You collected 150 gold pieces.

Inventory:

Hand Weapons
 a - a +0 mace (weapon)
Armour
 b - a +0 animal skin
 i - a +0 ring mail (worn)
Scrolls
 c - a scroll of fog {unknown}
 e - a scroll of blinking {unknown}
 f - a scroll of enchant weapon {unknown}
 g - a scroll of identify {unknown}
 h - a scroll of vulnerability {unknown}
 k - a scroll of enchant armour {unknown}
Potions
 j - a potion of heal wounds {unknown}
 l - a potion of magic {unknown}
 m - a potion of curing {unknown}


   Skills:
 + Level 6.7 Fighting
 + Level 1.7 Short Blades
 + Level 1.7 Long Blades
 + Level 1.7 Axes
 + Level 6.7 Maces & Flails
 + Level 1.7 Polearms
 + Level 1.7 Staves
 + Level 1.7 Slings
 + Level 1.7 Bows
 + Level 1.7 Crossbows
 + Level 1.7 Throwing
 + Level 4.9 Armour
 + Level 4.9 Dodging
 + Level 1.7 Stealth
 + Level 1.7 Shields
 + Level 1.7 Unarmed Combat
 + Level 1.7 Spellcasting
 + Level 1.3 Conjurations
 + Level 1.3 Hexes
 + Level 1.3 Summonings
 + Level 1.3 Necromancy
 + Level 1.3 Translocations
 + Level 1.3 Transmutations
 + Level 1.3 Fire Magic
 + Level 1.3 Ice Magic
 + Level 1.3 Air Magic
 + Level 1.3 Earth Magic
 + Level 1.3 Poison Magic
 + Level 2.0 Invocations
 + Level 1.7 Evocations


You had 8 spell levels left.
You didn't know any spells.
Your spell library contained the following spells:

 Spells                   Type           Power      Damage    Failure   Level
 Static Discharge         Conj/Air       2%         N/A       52%         2
 Dispel Undead            Necr           2%         3d7       99%         4
 Sticky Flame             Conj/Fire      2%         2d3       99%         4
 Lightning Bolt           Conj/Air       1%         1d12      100%        5
 Maxwell's Capacitive Co  Air            1%         ∞         100%        8


Dungeon Overview and Level Annotations

Branches:
Dungeon (4/15)             Temple (0/1) D:4

Altars:

Shops:
D:1 =


Innate Abilities, Weirdness & Mutations

You have very sharp teeth.
Your uncanny sense of smell can sniff out nearby items.
Your experience applies equally to all skills.


Message History

You closely miss the gnoll. You punch the gnoll.
The gnoll is lightly wounded.
The gnoll hits you with a +0 halberd. The gnoll hits you with a +0 whip. x2
You hit the gnoll.
The gnoll is heavily wounded.
The gnoll misses you. The gnoll hits you with a +0 halberd!
The gnoll closely misses you.
You sock the gnoll!
You kill the gnoll!
Trog accepts your kill. The gnoll barely misses you.
The gnoll closely misses you. x2
The gnoll hits you with a +0 whip.
Things that are here:
a +0 halberd; a +0 ring mail You sock the gnoll!
The gnoll is severely wounded.
You are no longer berserk.
You are exhausted.
You feel yourself slow down. The gnoll hits you but does no damage.
The gnoll hits you with a +0 whip!
* * * LOW HITPOINT WARNING * * *
As you read the scroll labelled RAURINNOCRU, it crumbles to dust.
You feel strangely unstable.
It was a scroll of teleportation.
The gnoll hits you with a +0 club.
* * * LOW HITPOINT WARNING * * *
The gnoll hits you but does no damage. The gnoll hits you with a +0 whip.
* * * LOW HITPOINT WARNING * * *
The gnoll closely misses you.
You sock the gnoll!
You kill the gnoll!
Trog accepts your kill.
The gnoll hits you but does no damage. x2; The gnoll hits you with a +0 whip.
* * * LOW HITPOINT WARNING * * *
Your Invocations skill increases to level 2!
You have reached level 6!
As you read the scroll of teleportation, it crumbles to dust.
You feel strangely stable. The gnoll barely misses you.
The gnoll closely misses you. The gnoll hits you but does no damage.
The gnoll hits you with a +0 whip.
You die...

... #.. ∆ ∆ #... #.. #....#.#
# .. ###..#.#.### .# ... #...#
#.... .# ...# #.⌠.# ##.####.#
....###...###.......#
.............))........#.#..
......#.⌠..>g@⌠...##.#.#.#.###
......#.....g....###)#.#......
#......###...###.###.#.#......
#...... #.⌠.# #.#..(#.#......
#......###...# #.#.###.#......
#...........####......†#......
#####.....##.........†......
#.....##.........#......
#....###.........#......


You could see 2 gnolls.

Vanquished Creatures
  A scorpion (D:4)
  2 gnolls (D:4)
  3 adders (D:3)
  3 worms
  6 dart slugs
  8 endoplasms
  4 giant cockroaches
  13 goblins
  6 hobgoblins
  15 jackals
  A quokka (D:3)
  7 ball pythons
  5 bats
  6 frilled lizards
  4 kobolds
  17 rats
  A bush (D:2)
102 creatures vanquished.

Vanquished Creatures (others)
  A bat (D:2)
  16 plants
17 creatures vanquished.

Grand Total: 119 creatures vanquished

Notes
Turn   | Place    | Note
-------+----------+-------------------------------------------
     0 | D:1      | bromine the Gnoll Berserker began the quest for the Orb.
     0 | D:1      | Reached XP level 1. HP: 23/23 MP: 1/1
   499 | D:1      | Reached XP level 2. HP: 22/29 MP: 2/2
  1161 | D:1      | Reached XP level 3. HP: 33/35 MP: 3/3
  1632 | D:1      | Reached skill level 1 in Invocations
  2387 | D:1      | Found Deff's Jewellery Shop.
  2519 | D:2      | Found a faded altar of an unknown god.
  3042 | D:2      | Reached skill level 1 in Short Blades
  3042 | D:2      | Reached skill level 1 in Long Blades
  3042 | D:2      | Reached skill level 1 in Axes
  3042 | D:2      | Reached skill level 1 in Polearms
  3042 | D:2      | Reached skill level 1 in Staves
  3042 | D:2      | Reached skill level 1 in Slings
  3042 | D:2      | Reached skill level 1 in Bows
  3042 | D:2      | Reached skill level 1 in Crossbows
  3042 | D:2      | Reached skill level 1 in Throwing
  3042 | D:2      | Reached skill level 1 in Stealth
  3042 | D:2      | Reached skill level 1 in Shields
  3042 | D:2      | Reached skill level 1 in Unarmed Combat
  3042 | D:2      | Reached skill level 1 in Spellcasting
  3042 | D:2      | Reached skill level 1 in Evocations
  3359 | D:2      | Reached ** piety under Trog
  3360 | D:2      | Reached XP level 4. HP: 40/41 MP: 5/5
  4508 | D:3      | Reached skill level 1 in Conjurations
  4508 | D:3      | Reached skill level 1 in Hexes
  4508 | D:3      | Reached skill level 1 in Summonings
  4508 | D:3      | Reached skill level 1 in Necromancy
  4508 | D:3      | Reached skill level 1 in Translocations
  4508 | D:3      | Reached skill level 1 in Transmutations
  4508 | D:3      | Reached skill level 1 in Fire Magic
  4508 | D:3      | Reached skill level 1 in Ice Magic
  4508 | D:3      | Reached skill level 1 in Air Magic
  4508 | D:3      | Reached skill level 1 in Earth Magic
  4508 | D:3      | Reached skill level 1 in Poison Magic
  4970 | D:3      | Reached XP level 5. HP: 43/47 MP: 6/6
  5819 | D:4      | Reached *** piety under Trog
  5844 | D:4      | Found a staircase to the Ecumenical Temple.
  5888 | D:4      | HP: 1/47 [gnoll/+0 whip (3)]
  5889 | D:4      | Reached XP level 6. HP: 1/53 MP: 8/8
  5889 | D:4      | Slain by a gnoll

Illustrated notes

Levels and vault maps discovered:
D:1:      onia_arrival_pyramid, layout_rooms, serial_shops,
          nicolae_shop_competitors_out_of_business, minmay_unequal
D:2:      layout_loops_ring, serial_forest, infiniplex_forest_end_2,
          infiniplex_forest_clump_cross, infiniplex_forest_end_double,
          infiniplex_forest_zigzag_2, infiniplex_forest_clump_small,
          infiniplex_forest_clump_medium, infiniplex_forest_lined_4_way,
          ebering_ecumenical_altar_sacrificial, minmay_rat_gold_closets
D:3:      layout_basic, minmay_close_crescents
D:4:      layout_basic, minmay_temple_entry_junction, minmay_crystal_water,
          nicolae_grassy_gnolls, uniq_robin, uniq_menkaure, uniq_grinder

Skill      XL: |  1  2  3  4  5 |
---------------+----------------+-----
Invocations    | 1 2 |  2.0
Short Blades   | 1 |  1.7
Long Blades    | 1 |  1.7
Axes           | 1 |  1.7
Polearms       | 1 |  1.7
Staves         | 1 |  1.7
Slings         | 1 |  1.7
Bows           | 1 |  1.7
Crossbows      | 1 |  1.7
Throwing       | 1 |  1.7
Stealth        | 1 |  1.7
Shields        | 1 |  1.7
Unarmed Combat | 1 |  1.7
Spellcasting   | 1 |  1.7
Evocations     | 1 |  1.7
Conjurations   | 1 |  1.3
Hexes          | 1 |  1.3
Summonings     | 1 |  1.3
Necromancy     | 1 |  1.3
Translocations | 1 |  1.3
Transmutations | 1 |  1.3
Fire Magic     | 1 |  1.3
Ice Magic      | 1 |  1.3
Air Magic      | 1 |  1.3
Earth Magic    | 1 |  1.3
Poison Magic   | 1 |  1.3
Fighting       | |  6.7
Maces & Flails | |  6.7
Armour         | |  4.9
Dodging        | |  4.9

Action                   |  1- 3 |  4- 6 || total
-------------------------+-------+-------++-------
Melee: Mace              |   125 |   262 ||   387
       Bite              |     9 |    32 ||    41
       Punch             |     3 |     9 ||    12
Invok: Berserk           |       |     2 ||     2
  Use: Scroll            |       |     2 ||     2
 Stab: Sleeping          |       |     2 ||     2
Armor: Animal skin       |    30 |     1 ||    31
       Ring mail         |       |    58 ||    58
Dodge: Dodged            |   173 |   105 ||   278
